cohdb
Replays
Latest Replays
All Replays
Popular Replays
Top Player Replays
Match Explorer
How It Works
Community
CoH3 Stats
Reddit
Sign in to upload your games and track your stats! →
Sign in with Steam
Match 43877824
Unlisted
Match 43877824
Overview
Messages
Build Orders
End
Panzergrenadier Squad
250 Light Carrier
Selects Panzerjäger Kommand Battlegroup
Selects Mine Fields
Panzergrenadier Squad
Construct Light Support Kompanie
MG34 Team
Fire Support Elements
2.5-tonne Medical Truck
Selects Tank Busters
Flakvierling Half-track
Vehicle Survival Package
Panzerjäger Mechanized Group
Pak 38 Anti-tank Gun Team
Selects Crew Shock Tactics
Construct Panzerarmee Kommand
Veteran Squad Leaders
Walking Stuka Rocket Launcher
Selects Anti-tank Overwatch
Panzer III L Medium Tank
Tungsten Core Ammunition
Anti-tank Overwatch
Panzerpioneer Squad
Panzer III L Medium Tank
Panzergrenadier Squad
Musketeer
Sir Leading Role
cannot compute
gihof NAFO
Duffman™
Currahee
Guh
Matti from vantaa
0
0
Comments
sign in to comment!
No comments posted yet!